 Dungeon Crawl Stone Soup version 0.24.0-125-gc4c63601f3 (webtiles) character file.

Game seed: 13753612364133685806, levelgen mode: deterministic

38 P0ring the Caller (level 3, -1/24 HPs)
             Began as a Merfolk Summoner on Mar 10, 2020.
             Slain by a sky beast (4 damage)
             ... on level 2 of the Dungeon.
             The game lasted 00:08:27 (1959 turns).

P0ring the Caller (Merfolk Summoner)                Turns: 1959, Time: 00:08:28

Health: -1/24      AC:  2    Str:  8    XL:     3   Next: 43%
Magic:  1/6        EV: 13    Int: 21    God:
Gold:   131        SH:  0    Dex: 14    Spells: 4/7 levels left

rFire    . . .     SeeInvis .   (no weapon)
rCold    . . .     Gourm    .   (no shield)
rNeg     . . .     Faith    .   a - +0 robe
rPois    .         Spirit   .   (no helmet)
rElec    .         Reflect  .   (no cloak)
rCorr    .         Harm     .   (no gloves)
MR       .....                  (no boots)
Stlth    ++........             (no amulet)
HPRegen  0.08/turn              e - +6 ring of intelligence
MPRegen  0.10/turn              (no ring)

@: no status effects
A: change form in water, swift swim, stealthy swim
a: no special abilities


You were on level 2 of the Dungeon.
You were very hungry.

You visited 1 branch of the dungeon, and saw 2 of its levels.

You collected 131 gold pieces.

Inventory:

Armour
 a - a +0 robe (worn)
Jewellery
 e - a +6 ring of intelligence (left hand)
 j - a +3 ring of intelligence
 l - an uncursed ring of positive energy {unknown}
Scrolls
 g - a scroll of amnesia {unknown}
 i - 3 scrolls of identify {unknown}
 k - a scroll of magic mapping {unknown}
 n - a scroll of teleportation {unknown}
Potions
 b - a potion of invisibility {unknown}
 d - a potion of lignification {unknown}
 f - a potion of flight {unknown}
 h - a potion of might {unknown}
 m - a potion of brilliance {unknown}
Comestibles
 c - 7 rations


   Skills:
 + Level 0.1 Fighting
 + Level 2.7 Dodging
 + Level 2.4 Stealth
 + Level 0.1 Unarmed Combat
 + Level 2.6 Spellcasting
 + Level 4.5 Summonings


You had 4 spell levels left.
You knew the following spells:

 Your Spells              Type           Power        Failure   Level  Hunger
a - Summon Small Mammal   Summ           ###.         2%          1    None
b - Call Imp              Summ           ###.....     3%          2    ##.....

Your spell library contained the following spells:

 Spells                   Type           Power        Failure   Level  Hunger
 Call Canine Familiar     Summ           ###.....     6%          3    ###....
 Summon Guardian Golem    Hex/Summ       ##......     16%         3    ###....
 Summon Ice Beast         Ice/Summ       ##......     47%         4    ####...
 Summon Lightning Spire   Summ/Air       ##......     47%         4    ####...


Dungeon Overview and Level Annotations

Branches:
Dungeon (2/15)

Altars:


Message History

r - Retreat! s - Stop attacking. g - Guard the area. f - Follow me.
Anything else - Cancel.
Gang up on whom?
Press: ? - help, Dir - move target cursor, f - you
Okay, then.
Casting: Summon Small Mammal (safe; 2% risk of failure)
Confirm with . or Enter, or press ? or * to list all spells.
Something hits you but does no damage.
Your white imp completely misses something.
Your white imp hits something.
Your white imp freezes something.
Something hits you. Something shocks you.
* * * LOW HITPOINT WARNING * * *
Your quokka closely misses something.
Your white imp hits something but does no damage.
Your white imp misses something.
You barely miss something.
A sky beast appears from thin air!
Reactivating autopickup.
The sky beast hits you.
You die...

.....?.......#
.............###
................
........[###############
........................
.........####### ###....
......55r(..... #....#.
.......Y.###.#. #.##>#.
.....(.@....... .. ....
.######'#......# #..#.
#.####### ####. ######.#
.. #..55..# ## #.######
# ####5##### #
#...55...# # #........#
#


You could see a sky beast, 2 friendly white imps and a friendly quokka.

Vanquished Creatures
  A dart slug (D:1)
1 creature vanquished.

Vanquished Creatures (collateral kills)
  An adder (D:2)
  An ooze (D:1)
  A worm (D:2)
  A dart slug (D:2)
  2 leopard geckos (D:2)
  2 giant cockroaches
  6 goblins
  6 hobgoblins
  5 bats
  3 frilled lizards (D:1)
  6 kobolds (D:1)
  4 rats
38 creatures vanquished.

Grand Total: 39 creatures vanquished

Notes
Turn   | Place    | Note
-------+----------+-------------------------------------------
     0 | D:1      | P0ring the Merfolk Summoner began the quest for the Orb.
     0 | D:1      | Reached XP level 1. HP: 13/13 MP: 3/3
   360 | D:1      | Reached XP level 2. HP: 16/19 MP: 1/5
  1006 | D:1      | Learned a level 2 spell: Call Imp
  1327 | D:2      | Reached XP level 3. HP: 24/24 MP: 0/6
  1937 | D:2      | Noticed a sky beast
  1959 | D:2      | Slain by a sky beast

Levels and vault maps discovered:
D:1:      nzn_arrival_depleted_hourglass, layout_loops_ring, feat_on_display
D:2:      layout_basic, minmay_hexomino_p4

Action                   || total
-------------------------++-------
Melee: Unarmed           ||    21
 Cast: Summon Small Mamm ||    42
       Call Imp          ||    25
 Stab: Sleeping          ||     1
  Eat: Chunk             ||     4
Armor: Robe              ||    17
Dodge: Dodged            ||    56
